 Dungeon Crawl Stone Soup version 0.30-a0-715-gdb4ae3ece1 (webtiles) character file.

Game seed: 15751792788481109747

5 PyroL the Insei (level 1, -2/13 HPs)
             Began as an Octopode Transmuter on Jan 23, 2023.
             Slain by a hobgoblin (3 damage)
             ... on level 1 of the Dungeon.
             The game lasted 00:00:26 (116 turns).

PyroL the Insei (Octopode Transmuter)                Turns: 116, Time: 00:00:27

Health: -2/13      AC:  1    Str:  9    XL:     1   Next: 80%
Magic:  2/3        EV: 13    Int: 15    God:
Gold:   25         SH:  0    Dex: 12    Spells: 3/4 levels left

rFire   . . .      SeeInvis .      - Unarmed
rCold   . . .      Faith    .    (no shield)
rNeg    . . .      Spirit   .    (helmet currently unavailable)
rPois   .          Reflect  .    (no amulet)
rElec   .          Harm     .    c - ring of willpower
rCorr   .          Rampage  .    (no ring)
Will    +....                    (no ring)
Stlth   ++                       (no ring)
HPRegen 0.22/turn                (no ring)
MPRegen 0.08/turn                (no ring)
                                 (no ring)
                                 (no ring)

@: appendages (expiring)
A: tentacle spike 3, almost no armour, amphibious, 8 rings, camouflage 1,
gelatinous body 1, (nimble swimmer 1), tentacles
a: End Transformation


You were on level 1 of the Dungeon.
One of your tentacles had grown a beastly spike.
You visited 1 branch of the dungeon, and saw 1 of its levels.

You collected 25 gold pieces.

Inventory:

Jewellery
 c - a ring of willpower (left tentacle)
Scrolls
 b - a scroll of enchant armour {unknown}
Potions
 a - a potion of lignification


   Skills:
 - Level 1.0 Fighting
 - Level 2.0 Dodging
 - Level 3.0 Unarmed Combat
 + Level 2.1 Spellcasting
 + Level 2.1 Transmutations
 + Level 0.8 Poison Magic


You had 3 spell levels left.
You knew the following spells:

 Your Spells              Type           Power      Damage    Failure   Level
a - Beastly Appendage     Tmut           16%        N/A       9%          1

Your spell library contained the following spells:

 Spells                   Type           Power      Damage    Failure   Level
 Wereblood                Tmut           8%         N/A       14%         2
 Spider Form              Tmut/Pois      6%         N/A       34%         3
 Ice Form                 Ice/Tmut       4%         N/A       80%         4


Dungeon Overview and Level Annotations

Branches:
Dungeon (1/15)

Altars:


Innate Abilities, Weirdness & Mutations

One of your tentacles has grown a beastly spike.
You cannot wear most types of armour.
You are amphibious.
You can wear up to eight rings at the same time.
Your skin changes colour to match your surroundings (Stealth+).
Your rubbery body absorbs attacks. (AC +1, EV +1)
((You are camouflaged when in or above water. (Stealth+)))
You have tentacles for arms and can constrict up to eight enemies at once.


Message History

You kill the kobold!
The quokka bites you.
You barely miss the quokka. Your grab misses the quokka.
The quokka barely misses you.
A hobgoblin comes into view.
The hobgoblin shouts!
You tentacle-slap the quokka. You grab the quokka.
The quokka is severely wounded.
You constrict the quokka, but do no damage.
The quokka barely misses you.
You tentacle-slap the quokka.
You kill the quokka!
Your magical contamination has completely faded away.
One of your tentacles grows a vicious spike.
You see here a +0 dagger.
The hobgoblin hits you.
You closely miss the hobgoblin. Your grab misses the hobgoblin.
You squeeze the hobgoblin.
The hobgoblin is moderately wounded.
The hobgoblin hits you.
* * * LOW HITPOINT WARNING * * *
You are too injured to fight recklessly!
You are too injured to fight recklessly!
You are too injured to fight recklessly!
You tentacle-slap the hobgoblin. Your grab misses the hobgoblin.
Your tentacle spike misses the hobgoblin.
The hobgoblin is severely wounded.
Your transformation is almost over.
The hobgoblin hits you.
* * * LOW HITPOINT WARNING * * *
You tentacle-slap the hobgoblin but do no damage.
You grab the hobgoblin.
You squeeze the hobgoblin, but do no damage.
The hobgoblin is severely wounded.
You constrict the hobgoblin. The hobgoblin closely misses you.
You tentacle-slap the hobgoblin but do no damage.
The hobgoblin is almost dead.
You constrict the hobgoblin, but do no damage.
The hobgoblin hits you.
You die...

#...# #. #.#.#
####. #...###....
#.#.....#..
###....#.....
#...#.....#..
#.#...###....
#######.###.#
####.
#g@)........# #.
.........##...####
#. ####...).##...#
........####.#
...#.....# #.#
###......# #.#
#.##.### #.# #. #.
#.# ..#


You could see a hobgoblin.

Vanquished Creatures
  A giant cockroach (D:1)
  A goblin (D:1)
  A quokka (D:1)
  A kobold (D:1)
  A rat (D:1)
5 creatures vanquished.

Notes
Turn   | Place    | Note
-------+----------+-------------------------------------------
     0 | D:1      | PyroL the Octopode Transmuter began the quest for the Orb.
     0 | D:1      | Reached XP level 1. HP: 13/13 MP: 3/3
   116 | D:1      | Slain by a hobgoblin

Illustrated notes

Levels and vault maps discovered:
D:1:      ncdulo_watergridlock, layout_loops_ring, serial_shops, shop,
          minmay_misc_feat_five

Action                     || total
---------------------------++-------
  Melee: Unarmed           ||    15
         Constrict         ||     5
         Tentacles         ||     5
         Kick              ||     1
   Cast: Beastly Appendage ||     2
 Armour: Skin              ||     2
  Dodge: Dodged            ||     6

Table legend: (Time is in decaauts)
 A = Elapsed time spent in this place.
 B = Non-inter-level travel time spent in this place.
 C = Inter-level travel time spent in this place.
 D = Time resting spent in this place.
 E = Time spent auto-exploring this place.
 F = Levels seen in this place.
 G = Mean time per level.
                   A        B        C        D        E       F      G
               +--------+--------+--------+--------+--------+-----+--------+
         Total |    115 |    115 |      0 |      0 |     73 |   1 |  115.0 |
       Dungeon |    115 |    115 |      0 |      0 |     73 |   1 |  115.0 |
               +--------+--------+--------+--------+--------+-----+--------+

Top non-repeatable levels by time:
     D:1: 115 daAuts
